 Dungeon Crawl Stone Soup version 0.30-a0-341-g682706514a (webtiles) character file.

Game seed: 8786674391720338549

336 MrRokkomies the Trooper (level 6, 0/42 (55) HPs)
             Began as an Armataur Gladiator on Nov 1, 2022.
             Slain by an orc
             ... wielding a +0 trident
              (2 damage)
             ... on level 3 of the Dungeon.
             The game lasted 00:03:37 (1783 turns).

MrRokkomies the Trooper (Armataur Gladiator)        Turns: 1783, Time: 00:03:38

HP:   0/42 (55)     AC: 10    Str: 21    XL:     6   Next: 28%
MP:   6/6           EV:  6    Int:  9    God:
Gold: 135           SH:  0    Dex: 11    Spells: 5/5 levels left

rFire   . . .      SeeInvis .    a - +0 battleaxe
rCold   . . .      Faith    .    (shield currently unavailable)
rNeg    . . .      Spirit   .    u - +0 chain mail
rPois   .          Reflect  .    c - +0 helmet
rElec   .          Harm     .    k - +0 cloak
rCorr   .          Roll     +    (no gloves)
Will    .....                    (no barding)
Stlth   ..........               (no amulet)
HPRegen 0.27/turn                (no ring)
MPRegen 0.10/turn                (no ring)

@: heavily drained
A: large, rugged brown scales 3, deformed body, armoured tail, roll, long
tongue, awkward tongue
a: no special abilities


You were on level 3 of the Dungeon.
You visited 1 branch of the dungeon, and saw 3 of its levels.

You collected 135 gold pieces.

Inventory:

Hand Weapons
 a - a +0 battleaxe (weapon)
 q - a +0 quarterstaff
Missiles
 d - 2 throwing nets (quivered)
 e - a javelin
 h - 5 poisoned darts
Armour
 b - a +0 leather armour
 c - a +0 helmet (worn)
 k - a +0 cloak (worn)
 m - a +0 scale mail
 u - a +0 chain mail (worn)
Scrolls
 f - a scroll of fog
 j - 6 scrolls of enchant armour {unknown}
 n - a scroll of noise {unknown}
 o - a scroll of amnesia {unknown}
 p - 3 scrolls of identify
 r - a scroll of poison {unknown}
 s - a scroll of acquirement {unknown}
 v - a scroll of enchant weapon {unknown}
Potions
 i - a potion of haste {unknown}
 l - a potion of resistance
 t - a potion of heal wounds {unknown}
 w - a potion of might {unknown}


   Skills:
 * Level 3.7 Fighting
 * Level 0.8 Axes
 - Level 2.6 Staves
 - Level 3.5 Throwing
 + Level 2.7 Armour
 + Level 2.9 Dodging


You had 5 spell levels left.
You didn't know any spells.
Your spell library was empty.

Dungeon Overview and Level Annotations

Branches:
Dungeon (3/15)

Altars:
Gozag
Hepliaklqana
The Shining One

Shops:
D:3 (*


Innate Abilities, Weirdness & Mutations

You are completely covered in rugged brown scales. (AC +3, +7% HP)
Armour fits poorly on your strangely shaped body.
You have a long armoured tail.
You roll when moving toward enemies. (Rampage)
Your long tongue fully drains potion bottles. (2x potion effects)
Your tongue gives you trouble enunciating. (1.5x scroll delay)


Message History

You feel better.
The orc hits you from afar with a +0 trident.
The orc priest calls upon Beogh to heal the orc wizard.
The orc wizard is healed somewhat.
The orc wizard barely misses you.
You barely miss the orc priest.
You tail-slap the orc priest, but do no damage.
The orc priest is moderately wounded.
You hit the orc wizard.
The orc hits you from afar with a +0 trident.
The orc priest invokes the aid of Beogh against you.
Beogh smites you!
* * * LOW HITPOINT WARNING * * *
The orc wizard hits you but does no damage.
You closely miss the orc priest.
You tail-slap the orc priest, but do no damage.
The orc priest is moderately wounded.
You barely miss the orc wizard.
The orc hits you from afar with a +0 trident.
* * * LOW HITPOINT WARNING * * *
The orc priest hits you but does no damage.
The orc wizard hits you but does no damage.
The orc barely misses you.
The orc priest calls down the wrath of Beogh upon you.
You barely resist. The orc wizard barely misses you.
You slash the orc priest!
You kill the orc priest!
You hit the orc wizard. The orc barely misses you.
The orc wizard hits you but does no damage.
The orc hits you but does no damage.
The orc wizard hits you but does no damage.
You closely miss the orc wizard.
The orc wizard is severely wounded.
The orc hits you but does no damage.
The orc wizard hits you with a +0 dagger.
* * * LOW HITPOINT WARNING * * *
You barely miss the orc wizard.
The orc wizard is severely wounded.
The orc barely misses you. The orc wizard barely misses you.
The orc hits you from afar with a +0 trident.
You die...

....##7..###.#
........####.# #..
....#7\7##...# #..
....#..##..### #.#
##....7.....# ##.#
.#..........# #..#
............# #.o#
.........>..###o)#
##..........##.)@#
##..........##.#.#
#####.#######$#.#
### #># #.#.# ..#
#.# #..#.#
..####.####.[. #.#
..........#.# #.#
............# #.#
#.#..###..### #.#


You could see an orc wizard and an orc.

Vanquished Creatures
  Sigmund (D:2)
  An orc priest (D:3)
  Terence (D:3)
  5 adders
  A white imp (D:3)
  A worm (D:2)
  A dart slug (D:3)
  2 orcs (D:3)
  3 ball pythons
  5 endoplasms
  2 giant cockroaches (D:2)
  10 hobgoblins
  4 jackals (D:2)
  2 bats
  A frilled lizard (D:1)
  7 goblins
  A goblin skeleton (D:3)
  2 hobgoblin zombies (D:3)
  5 kobolds
  2 kobold zombies (D:3)
  An orc zombie (D:3)
  6 rats
64 creatures vanquished.

Notes
Turn   | Place    | Note
-------+----------+-------------------------------------------
     0 | D:1      | MrRokkomies the Armataur Gladiator began the quest for the
                  | Orb.
     0 | D:1      | Reached XP level 1. HP: 18/18 MP: 1/1
   151 | D:1      | Reached XP level 2. HP: 21/25 MP: 2/2
   376 | D:1      | Found a faded altar of an unknown god.
   602 | D:2      | Noticed Sigmund
   622 | D:1      | Reached skill level 1 in Armour
   622 | D:1      | Reached XP level 3. HP: 26/32 MP: 3/3
   652 | D:2      | Killed Sigmund
   653 | D:2      | Reached XP level 4. HP: 30/40 MP: 4/4
   653 | D:2      | Reached XP level 5. HP: 36/48 MP: 5/5
  1359 | D:3      | Found Volerph's General Store.
  1414 | D:3      | Found a glowing golden altar of the Shining One.
  1418 | D:3      | Reached XP level 6. HP: 54/54 MP: 6/6
  1477 | D:3      | Found a hazy altar of Hepliaklqana.
  1485 | D:3      | Found an opulent altar of Gozag.
  1574 | D:3      | Found Neadiut's Antique Weapon Shoppe.
  1620 | D:3      | Noticed Terence
  1630 | D:3      | Killed Terence
  1782 | D:3      | HP: 1/42 [orc wizard/+0 dagger (4)]
  1783 | D:3      | Slain by an orc

Illustrated notes

Levels and vault maps discovered:
D:1:      giann_bridges, layout_basic, ebering_ecumenical_altar_box,
          minmay_pentomino_t4
D:2:      layout_loops_cross, uniq_sigmund
D:3:      layout_rooms, nicolae_tso_besieged_by_evil,
          mainiacjoe_overflow_large_starburst, serial_shops, shop,
          nicolae_shop_trees, uniq_terence

Skill      XL: |  1  2  3 |
---------------+----------+-----
Fighting       | 2 3 |  3.7
Throwing       | 2 3 |  3.5
Armour         | 1 2 |  2.7
Axes           | |  0.8
Staves         | |  2.6
Dodging        | |  2.9

Action                   |  1- 3 |  4- 6 || total
-------------------------+-------+-------++-------
Melee: Quarterstaff      |    59 |    70 ||   129
       Tailslap          |     7 |    14 ||    21
       Battleaxe         |       |    47 ||    47
Throw: Throwing net      |     1 |       ||     1
  Use: Scroll            |     5 |       ||     5
       Potion            |       |     3 ||     3
Armor: Leather armour    |    16 |       ||    16
       Scale mail        |    12 |    46 ||    58
       Chain mail        |       |    36 ||    36
Dodge: Dodged            |    29 |    50 ||    79

Table legend: (Time is in decaauts)
 A = Elapsed time spent in this place.
 B = Non-inter-level travel time spent in this place.
 C = Inter-level travel time spent in this place.
 D = Time resting spent in this place.
 E = Time spent auto-exploring this place.
 F = Levels seen in this place.
 G = Mean time per level.
                   A        B        C        D        E       F      G
               +--------+--------+--------+--------+--------+-----+--------+
         Total |   1838 |   1764 |     74 |     23 |   1299 |   3 |  612.7 |
       Dungeon |   1838 |   1764 |     74 |     23 |   1299 |   3 |  612.7 |
               +--------+--------+--------+--------+--------+-----+--------+

Top non-repeatable levels by time:
     D:2: 668 daAuts
     D:1: 624 daAuts
     D:3: 546 daAuts
